 Dungeon Crawl Stone Soup version 0.29-a0-299-g4c793a2ed2 (webtiles) character file.

Game seed: 10567181228384100228

499 Ijustatesigmund the Shield-Bearer (level 7, -3/44 HPs)
             Began as a Gargoyle Fighter on Mar 24, 2022.
             Slain by an ogre
             ... wielding a +0 giant spiked club
              (29 damage)
             ... on level 5 of the Dungeon.
             The game lasted 00:07:01 (3712 turns).

Ijustatesigmund the Shield-Bearer (GrFi)            Turns: 3712, Time: 00:07:02

Health: -3/44      AC: 16    Str: 20    XL:     7   Next: 16%
Magic:  7/7        EV:  9    Int: 10    God:
Gold:   139        SH:  6    Dex: 15    Spells: 6/6 levels left

rFire   . . .      SeeInvis .   a - +1 flail
rCold   . . .      Faith    .   c - +0 buckler
rNeg    + . .      Spirit   .   b - +0 scale mail
rPois   ∞          Reflect  .   i - +0 helmet
rElec   +          Harm     .   (no cloak)
rCorr   .          Rampage  .   (no gloves)
Will    .....                   (no boots)
Stlth   ..........              (no amulet)
HPRegen 0.14/turn               g - +6 ring of dexterity
MPRegen 0.10/turn               n - +4 ring of protection

@: mighty, studying Shields
A: sickness immunity, AC +4, negative energy resistance 1, electricity
resistance, torment resistance 1, petrification resistance
a: no special abilities


You were on level 5 of the Dungeon.
You visited 1 branch of the dungeon, and saw 5 of its levels.

You collected 161 gold pieces.
You spent 22 gold pieces at shops.

Inventory:

Hand Weapons
 a - a +1 flail (weapon)
Armour
 b - a +0 scale mail (worn)
 c - a +0 buckler (worn)
 i - a +0 helmet (worn)
Jewellery
 g - a +6 ring of dexterity (left hand)
 n - a +4 ring of protection (right hand)
Wands
 e - a wand of flame (12)
Scrolls
 h - a scroll of teleportation
 j - 2 scrolls of fog
 p - a scroll of magic mapping
 q - a scroll of torment {unknown}
 s - a scroll of enchant weapon
 t - a scroll of enchant armour {unknown}
Potions
 f - a potion of resistance
 k - a potion of mutation {unknown}
 l - a potion of heal wounds
 m - 6 potions of curing
 o - a potion of attraction
 r - a potion of invisibility {unknown}


   Skills:
 * Level 5.0 Fighting
 * Level 5.0 Maces & Flails
 - Level 3.2 Armour
 + Level 7.6 Shields


You had 6 spell levels left.
You didn't know any spells.
Your spell library contained the following spells:

 Spells                   Type           Power      Damage    Failure   Level
 Sting                    Tmut/Pois      0%         1d3       80%         1
 Poisonous Vapours        Pois/Air       0%         N/A       90%         2
 Olgreb's Toxic Radiance  Pois           0%         N/A       100%        4


Dungeon Overview and Level Annotations

Branches:
Dungeon (5/15)             Temple (0/1) D:4

Altars:
Nemelex Xobeh
Yredelemnul

Shops:
D:1 [   D:2 ?


Innate Abilities, Weirdness & Mutations

You are immune to sickness and miasma.
Your stone body is resilient. (AC +4)
You are immune to poison.
You resist negative energy. (rN+)
You are resistant to electric shocks. (rElec)
You are resistant to unholy torment.
You are immune to petrification.


Message History

You are too injured to fight recklessly!
You are too injured to fight recklessly!
You are too injured to fight recklessly!
You are too injured to fight recklessly!
You are too injured to fight recklessly!
You are too injured to fight recklessly!
You are too injured to fight recklessly!
You are too injured to fight recklessly!
You are too injured to fight recklessly!
You are too injured to fight recklessly!
You hit the orc.
The orc is almost dead.
The orc closely misses you. You block the orc's attack.
You hit the orc.
You kill the orc!
Things that are here:
a +0 club; a +0 leather armour You start resting.
HP restored.
Things that are here:
a +0 giant club; an ogre corpse
s - a scroll of enchant weapon
t - a scroll labelled QONLEQ ESINIWK An ogre comes into view.
It is wielding a +0 giant spiked club.
The ogre shouts!
The ogre barely misses you.
You barely miss the ogre. You barely miss the ogre. The ogre barely misses you.
You hit the ogre.
The ogre is lightly wounded.
The ogre hits you with a +0 giant spiked club!!
You barely miss the ogre.
The ogre is lightly wounded.
You block the ogre's attack.
You feel very mighty all of a sudden.
You sock the ogre!
The ogre is heavily wounded.
The ogre hits you with a +0 giant spiked club!!
Ouch! That really hurt!
You die...

#### #####...#
###+###+#.......# ##
#...........)...# ..
#...............#
#.###................
#..$........#........
####@###.####....(...
#O# #.# #.....).. #..
..# #.....).. #.....#
#####.... #######
##### # #### #...
#[#.


You could see an ogre.

Vanquished Creatures
  Grinder (D:3)
  An ogre (D:5)
  An iguana (D:2)
  Jessica (D:3)
  Ijyb (D:3)
  6 adders
  A white imp (D:5)
  A worm (D:2)
  2 dart slugs
  2 orcs
  6 ball pythons
  5 bats
  6 endoplasms
  A giant cockroach (D:2)
  6 goblins
  6 hobgoblins
  4 jackals (D:2)
  7 quokkas
  A frilled lizard (D:3)
  4 kobolds
  3 rats
  A spectral kobold (D:1)
67 creatures vanquished.

Notes
Turn   | Place    | Note
-------+----------+-------------------------------------------
     0 | D:1      | Ijustatesigmund the Gargoyle Fighter began the quest for
                  | the Orb.
     0 | D:1      | Reached XP level 1. HP: 14/14 MP: 1/1
   387 | D:1      | Found Unouqut's Armour Shop.
   397 | D:1      | Reached XP level 2. HP: 12/19 MP: 2/2
   572 | D:1      | Found a faded altar of an unknown god.
   838 | D:2      | Found Gaefyim's Magic Scroll Shop.
   856 | D:2      | Reached XP level 3. HP: 15/24 MP: 3/3
   964 | D:2      | Bought a scroll of identify for 22 gold pieces
  1213 | D:2      | Reached XP level 4. HP: 13/29 MP: 4/4
  1606 | D:3      | Noticed Ijyb
  1619 | D:3      | Killed Ijyb
  1620 | D:3      | Reached XP level 5. HP: 16/34 MP: 5/5
  1798 | D:3      | Noticed Jessica
  1810 | D:3      | Killed Jessica
  1875 | D:3      | Identified a scroll of acquirement
  1875 | D:3      | Acquired a manual of Shields
  2196 | D:3      | Noticed Grinder
  2210 | D:3      | Killed Grinder
  2211 | D:3      | Reached skill level 7 in Shields
  2211 | D:3      | Reached XP level 6. HP: 29/39 MP: 6/6
  2894 | D:4      | Found a staircase to the Ecumenical Temple.
  3163 | D:4      | Found a sparkling altar of Nemelex Xobeh.
  3390 | D:5      | Entered Level 5 of the Dungeon
  3480 | D:5      | Found a basalt altar of Yredelemnul.
  3522 | D:5      | Reached skill level 5 in Fighting
  3522 | D:5      | Reached skill level 5 in Maces & Flails
  3522 | D:5      | Reached XP level 7. HP: 20/44 MP: 7/7
  3712 | D:5      | Slain by an ogre

Illustrated notes

Levels and vault maps discovered:
D:1:      giann_bridges, layout_rooms, serial_shops,
          nicolae_shop_hallway_stairs,
          dreamdust_ecumenical_altar_drowned_temple, minmay_misc_feat_iff
D:2:      layout_rooms, serial_shops, shop_fountains, hex_intersection,
          minmay_quadrilaterals
D:3:      layout_basic, minivault_4, uniq_jessica, uniq_grinder, uniq_ijyb
D:4:      layout_loops_ring, nemelex_spade_bored_becter,
          minmay_temple_entry_butterflies, saegor_snake_ambush
D:5:      layout_basic, lemuel_round_altar

Skill      XL: |  1  2  3  4  5  6 |
---------------+-------------------+-----
Maces & Flails | 3 4 5 |  5.0
Fighting       | 4 5 |  5.0
Shields        | 7 |  7.6
Armour         | |  3.2

Action                   |  1- 3 |  4- 6 |  7- 9 || total
-------------------------+-------+-------+-------++-------
Melee: Flail             |   120 |   160 |     7 ||   287
  Use: Scroll            |       |    11 |       ||    11
       Potion            |       |       |     1 ||     1
Armor: Scale mail        |    72 |    68 |       ||   140
Dodge: Dodged            |    77 |    68 |     3 ||   148
Block: Buckler           |    40 |    37 |     2 ||    79

Table legend: (Time is in decaauts)
 A = Elapsed time spent in this place.
 B = Non-inter-level travel time spent in this place.
 C = Inter-level travel time spent in this place.
 D = Time resting spent in this place.
 E = Time spent auto-exploring this place.
 F = Levels seen in this place.
 G = Mean time per level.
                   A        B        C        D        E       F      G
               +--------+--------+--------+--------+--------+-----+--------+
         Total |   3815 |   3759 |     56 |    490 |   2634 |   5 |  763.0 |
       Dungeon |   3815 |   3759 |     56 |    490 |   2634 |   5 |  763.0 |
               +--------+--------+--------+--------+--------+-----+--------+

Top non-repeatable levels by time:
     D:3: 1023 daAuts
     D:2: 870 daAuts
     D:4: 812 daAuts
     D:1: 783 daAuts
     D:5: 326 daAuts
